 Dungeon Crawl Stone Soup version 0.20.1-1-g8b1a95d (webtiles) character file.

7 Reeggar the Caller (level 1, -3/7 HPs)
             Began as a Felid Summoner on Oct 5, 2017.
             Killed from afar by a dart slug (6 damage)
             ... with a slug dart
             ... on level 1 of the Dungeon.
             The game lasted 00:03:19 (696 turns).

Reeggar the Caller (Felid Summoner)                  Turns: 696, Time: 00:03:22

Health: -3/7       AC:  1    Str:  4    XL:     1   Next: 83%
Magic:  1/4        EV: 18    Int: 16    God:
Gold:   49         SH:  0    Dex: 16    Spells: 3/4 levels left
                                        Lives:  0   Deaths: 0

rFire    . . .     SeeInvis +   (weapon unavailable)
rCold    . . .     Gourm    .   (shield unavailable)
rNeg     . . .     Faith    .   (armour unavailable)
rPois    .         Spirit   .   (helmet unavailable)
rElec    .         Reflect  .   (cloak unavailable)
rCorr    .         Harm     .   (gloves unavailable)
MR       .....                  (boots unavailable)
Stlth    +++.......             (no amulet)
Regen    0.1/turn               (no ring)
MPRegen  0.1/turn               (no ring)

@: quick
A: no armour, no weapons or thrown items, stealth, claws 1, fangs 3, see
invisible, carnivore 3, speed 1, shaggy fur 1, slow metabolism 1, sharp paws
a: no special abilities


You were on level 1 of the Dungeon.
You were not hungry.

You visited 1 branch of the dungeon, and saw 1 of its levels.

You collected 49 gold pieces.

Inventory:

Jewellery
 e - an uncursed amulet of regeneration {unknown}
Scrolls
 c - a scroll of teleportation {unknown}
 d - 2 scrolls of recharging {unknown}
 f - a scroll of blinking {unknown}
Books
 a - a book of Callings

   Spells                             Type                      Level
   a - Summon Small Mammal            Summoning                    1
   b - Call Imp                       Summoning                    2
   c - Call Canine Familiar           Summoning                    3
   d - Summon Guardian Golem          Hexes/Summoning              3
   e - Summon Lightning Spire         Summoning/Air                4
   f - Summon Ice Beast               Ice/Summoning                4
Comestibles
 b - a meat ration
 g - 2 chunks of flesh


   Skills:
 + Level 2.6 Dodging
 + Level 2.6 Stealth
 + Level 2.2 Spellcasting
 + Level 4.2 Summonings


You had 3 spell levels left.
You knew the following spells:

 Your Spells              Type           Power        Failure   Level  Hunger
a - Summon Small Mammal   Summ           ###.         3%          1    #......


Dungeon Overview and Level Annotations

Branches:
Dungeon (1/15)

Altars:


Innate Abilities, Weirdness & Mutations

You cannot wear armour.
You are incapable of wielding weapons or throwing items.
Your paws allow you to move quietly. (Stealth)
You have sharp claws.
You have razor-sharp teeth.
You have supernaturally acute eyesight. (SInv)
You are carnivorous and can eat meat at any time.
You cover ground quickly.
You are covered in fur. (AC +1)
You have a slow metabolism.
Your sharp claws are effective at attacking unaware monsters.


Message History

You swap places.
Your quokka disappears in a puff of smoke!
You swap places.
Your rat disappears in a puff of smoke!
A dart slug comes into view.
The dart slug moves out of view.
Casting: Summon Small Mammal
Confirm with . or Enter, or press ? or * to list all spells.
The dart slug launches a dart at you. The slug dart misses your bat.
The slug dart misses you.
Casting: Summon Small Mammal
Confirm with . or Enter, or press ? or * to list all spells.
Your bat hits the dart slug but does no damage.
Casting: Summon Small Mammal
Confirm with . or Enter, or press ? or * to list all spells.
Your bat hits the dart slug. The dart slug launches a dart at you.
The slug dart hits you!
Ouch! That really hurt!
You die...

.)...#.÷.#.#.## #.# ..##
.....#.#(..#.# #.# .#
.....#.#.#.#.# #.# #
.....#.#####.# #.#
.....#.......# #.#
.....##.#...#########.#
....................#
+##########.........#
.'.≈#≈#≈≈≈#...b.@..r#
.###≈#≈##≈#.........#
.###≈#≈#≈≈#........bw...
.#.≈≈#≈#<≈'.##...######+
.#.###≈≈≈≈#.##.#..#
.#.#.#≈##≈#.##.##(.
.#...#≈≈≈≈#.##.# #.
.###'######....#
............####


You could see a dart slug, 2 friendly bats and a friendly rat.

Vanquished Creatures
  A frilled lizard (D:1)
  A rat (D:1)
2 creatures vanquished.

Vanquished Creatures (collateral kills)
  A leopard gecko (D:1)
  A goblin (D:1)
  2 kobolds (D:1)
  A bat (D:1)
  A frilled lizard (D:1)
  A rat (D:1)
7 creatures vanquished.

Grand Total: 9 creatures vanquished

Notes
Turn   | Place    | Note
-------+----------+-------------------------------------------
     0 | D:1      | Reeggar the Felid Summoner began the quest for the Orb.
     0 | D:1      | Reached XP level 1. HP: 7/7 MP: 4/4
   696 | D:1      | Killed from afar by a dart slug

Action                   || total
-------------------------++-------
Melee: Unarmed           ||     8
       Bite              ||     1
 Cast: Summon Small Mamm ||    24
  Eat: Chunk             ||     2
Armor: Skin              ||     1
Dodge: Dodged            ||    13
